 Dungeon Crawl Stone Soup version 0.16.2-12-gd0ad4c3 (webtiles) character file.

219 Burgundious the Gusty (level 5, 0/31 HPs)
             Began as a High Elf Air Elementalist on Sept 14, 2015.
             Killed from afar by Grinder (9 damage)
             ... with a wand of flame
             ... on level 3 of the Dungeon.
             The game lasted 00:15:49 (2986 turns).

Burgundious the Gusty (High Elf Air Elementalist)   Turns: 2986, Time: 00:15:49

Health: 0/31       AC:  4    Str:  7    XL:     5   Next: 63%
Magic:  16/16      EV: 13    Int: 19    God:
Gold:   54         SH:  0    Dex: 16    Spells: 3 memorised, 7 levels left

rFire  . . .     SeeInvis .     y - +0 falchion (drain)
rCold  . . .     Clarity  .     o - +0 robe
rNeg   . . .     SustAb   .     (no shield)
rPois  .         Gourm    .     B - +1 helmet
rElec  .         Spirit   .     (no cloak)
rCorr  .         Warding  .     (no gloves)
rMut   .         Stasis   .     (no boots)
MR     .....                    (no amulet)
Stlth  ++........               (no ring)
                                (no ring)

@: not resistant to hostile enchantments, unstealthy
A: no striking features
a: no special abilities


You were on level 3 of the Dungeon.
You were not hungry.

You visited 1 branch of the dungeon, and saw 4 of its levels.

You collected 54 gold pieces.

Inventory:

Hand weapons
 g - a +0 dagger
 i - a -2 short sword
 l - a +0 short sword
 y - a +0 falchion of draining (weapon)
 z - a +0 blowgun
Missiles
 s - 4 curare-tipped needles
 C - 19 poisoned needles
Armour
 a - a +0 robe
 o - a +0 robe (worn)
 B - a +1 helmet (worn)
Magical devices
 w - a wand of disintegration (13)
Scrolls
 d - 3 scrolls of identify
 u - a scroll of teleportation
 v - a scroll of enchant armour {unknown}
 x - a scroll of remove curse
Potions
 e - 2 potions of curing {unknown}
 f - 3 potions of cure mutation {unknown}
 h - a potion of heal wounds
 k - a potion of mutation {unknown}
 m - a potion of invisibility {unknown}
 n - a potion of might {unknown}
 p - 3 potions of ambrosia {unknown}
 q - 2 potions of haste {unknown}
 t - a potion of lignification {unknown}
 A - a potion of degeneration {unknown}
Books
 b - a book of Air

   Spells                             Type                      Level
   a - Shock                          Conjuration/Air              1
   b - Swiftness                      Charms/Air                   2
   c - Repel Missiles                 Charms/Air                   2
   d - Flight                         Charms/Air                   3
   e - Static Discharge               Conjuration/Air              3
   f - Lightning Bolt                 Conjuration/Air              5
 r - a book of Alchemy

   Spells                             Type                      Level
   a - Sublimation of Blood           Necromancy                   2
   b - Alistair's Intoxication        Transmutation/Poison         4
   c - Condensation Shield            Ice                          4
   d - Petrify                        Transmutation/Earth          4
   e - Ignite Poison                  Fire/Transmutation           5
   f - Irradiate                      Conjuration/Transmutation    5
Comestibles
 c - 3 bread rations
 j - a meat ration


   Skills:
 - Level 2.1 Dodging
 - Level 2.2 Stealth
 + Level 4.6 Spellcasting
 - Level 1.1 Conjurations
 - Level 6.3 Air Magic


You had 7 spell levels left.
You knew the following spells:

 Your Spells              Type           Power        Failure   Level  Hunger
a - Shock                 Conj/Air       ###.         3%          1    None
b - Static Discharge      Conj/Air       ###.....     12%         3    ###....
c - Swiftness             Chrm/Air       ###.....     8%          2    #......


Dungeon Overview and Level Annotations

Branches:
Dungeon (4/15)
 Temple: D:4-7

Altars:
Elyvilon
Yredelemnul

Annotations:
D:3 Grinder


Message History

Aiming: Shock
Press: ? - help, Shift-Dir - straight line, f - orc
Aim: an orc, wielding a dagger and wearing a ring mail The zap hits the orc.
You kill the orc!
An orc priest comes into view. It is wielding a dagger.
You feel sick.
You are no longer poisoned.
A hobgoblin comes into view. It is wielding a club.
You start resting.
Things that are here:
a chain mail; an orc corpse You see here a rat corpse.
There is a stone staircase leading up here.
You climb upwards.
Level annotation: Grinder
There is a stone staircase leading down here.
Grinder shouts!
Grinder zaps a wand.
The puff of flame hits you!
You die...

#......[###.#### #...##...##.
#.##........# #...###.###. #
#.......##### #####...###.###. #
###.#.#.# #............... #
##.##)# #.##.#......#### #
####)## #.#.#.#.###.# # # #<..#
#..#........# # #
#...#######.#...#5######## #
#........@.....((.#....... #
#####...##.##.#.......#.......
####...........#.##.#>##.#.......
.................##...##.........
####...........#.#...............
# #####.........#..##.#.........
# ##...##..............(..... #
#......###..........##.####
##....#.# ###.##..#.###.# #.


You could see Grinder.

Vanquished Creatures
  2 hounds (D:4)
  An orc priest (D:3)
  2 adders
  3 giant mites
  3 oozes
  10 orcs
  7 hobgoblins
  4 jackals (D:2)
  A ball python (D:2)
  9 bats
  2 giant cockroaches (D:1)
  4 giant geckos
  7 giant newts
  3 goblins
  14 kobolds
  13 rats
85 creatures vanquished.

Notes
Turn   | Place    | Note
--------------------------------------------------------------
     0 | D:1      | Burgundious, the High Elf Air Elementalist, began the quest for the Orb.
     0 | D:1      | Reached XP level 1. HP: 11/11 MP: 4/4
   216 | D:1      | Reached skill level 4 in Air Magic
   369 | D:1      | Reached XP level 2. HP: 7/17 MP: 1/6
   995 | D:1      | Reached XP level 3. HP: 19/21 MP: 6/8
  1006 | D:1      | Reached skill level 5 in Air Magic
  2067 | D:2      | Reached XP level 4. HP: 27/27 MP: 8/11
  2278 | D:3      | Reached skill level 6 in Air Magic
  2290 | D:3      | Learned a level 3 spell: Static Discharge
  2293 | D:3      | Learned a level 2 spell: Swiftness
  2454 | D:3      | Noticed Grinder
  2488 | D:3      | Found a white marble altar of Elyvilon.
  2618 | D:3      | Found a basalt altar of Yredelemnul.
  2858 | D:4      | Reached XP level 5. HP: 31/31 MP: 11/14
  2986 | D:3      | Killed from afar by Grinder

Action                   |  1- 3 |  4- 6 || total
-------------------------+-------+-------++-------
Melee: Dagger            |    24 |       ||    24
       Short sword       |    72 |    18 ||    90
 Cast: Shock             |    63 |    46 ||   109
  Use: Scroll            |     4 |     1 ||     5
 Stab: Sleeping          |     1 |     2 ||     3
  Eat: Chunk             |     3 |     4 ||     7
